 Dungeon Crawl Stone Soup version 0.23.2-1-ga50397a6bc (webtiles) character file.

Game seed: 973103807595937702

58 MachJacob the Shield-Bearer (level 4, -2/29 HPs)
             Began as a Gargoyle Fighter on Apr 17, 2019.
             Slain by Sigmund
             ... wielding a +0 scythe
              (7 damage)
             ... on level 1 of the Dungeon.
             The game lasted 00:08:31 (1995 turns).

MachJacob the Shield-Bearer (Gargoyle Fighter)      Turns: 1995, Time: 00:08:32

Health: -2/29      AC: 10    Str: 20    XL:     4   Next: 2%
Magic:  4/4        EV:  7    Int:  9    God:
Gold:   97         SH:  0    Dex:  9    Spells: 3/3 levels left

rFire    . . .     SeeInvis .   a - +0 flail
rCold    . . .     Gourm    .   c - +0 shield
rNeg     + . .     Faith    .   b - +0 scale mail
rPois    ∞         Spirit   .   (no helmet)
rElec    +         Reflect  .   (no cloak)
rCorr    .         Harm     .   (no gloves)
MR       .....                  (no boots)
Stlth    ..........             (no amulet)
HPRegen  0.09/turn              (no ring)
MPRegen  0.09/turn              (no ring)

@: confused
A: negative energy resistance 1, electricity resistance, unbreathing,
petrification resistance, rot immunity, AC +3
a: no special abilities


You were on level 1 of the Dungeon.
You were not hungry.

You visited 1 branch of the dungeon, and saw 2 of its levels.

You collected 97 gold pieces.

Inventory:

Hand Weapons
 a - a +0 flail (weapon)
 e - a +0 mace
Armour
 b - a +0 scale mail (worn)
 c - a +0 shield (worn)
 k - a +0 large shield
 o - a +2 cloak
Scrolls
 h - a scroll of identify {unknown}
 i - a scroll of blinking
 j - a scroll of fog {unknown}
 m - a scroll of remove curse {unknown}
 n - 2 scrolls of teleportation {unknown}
Potions
 d - a potion of might
 g - a potion of flight {unknown}
 l - 2 potions of brilliance {unknown}
Comestibles
 f - 3 rations


   Skills:
 + Level 3.7 Fighting
 * Level 3.0 Maces & Flails
 + Level 3.7 Armour
 + Level 3.7 Shields


You had 3 spell levels left.
You didn't know any spells.
Your spell library was empty.

Dungeon Overview and Level Annotations

Branches:
Dungeon (2/15)

Altars:

Annotations:
D:2 Sigmund


Innate Abilities, Weirdness & Mutations

You are resistant to torment.
Your stone body is resilient. (AC +3)
You are immune to poison.
You resist negative energy. (rN+)
You are resistant to electric shocks. (rElec)
You can survive without breathing.
You are immune to petrification.
You are immune to rotting.


Message History

Deactivating autopickup; reactivate with Ctrl-A.
Something hits you.
* * * LOW HITPOINT WARNING * * *
You hear some strange, mumbled words.
You are confused.
You bump into the rock wall.
Something hits you but does no damage.
There is a stone staircase leading up here.
You climb upwards.
Reactivating autopickup.
There is a stone staircase leading down here.
You start resting.
Something hits you.
* * * LOW HITPOINT WARNING * * *
Deactivating autopickup; reactivate with Ctrl-A.
You feel less confused.
You hear some strange, mumbled words.
You are confused.
There is an open door, spattered with blood here.
Something hits you!
You die...

#......# #.#.
#......# #.#.
#......######## #.#.
#.............###.##
#.............##....
#.............##..##
#.............##..#.
###'###.......##..#.
#@..+........#..#.
#{###........#..#.
#.................
###.......##.#....
#.......##...###
#.......###..#
#.......# #..# ♣
#########.......#
##.# ♣
###...............#
#.# #


There were no monsters in sight!

Vanquished Creatures
  2 adders
  2 worms (D:2)
  2 dart slugs
  A leopard gecko (D:2)
  4 giant cockroaches
  2 goblins (D:2)
  4 hobgoblins
  6 kobolds
  3 bats
  2 frilled lizards (D:1)
  2 rats
30 creatures vanquished.

Notes
Turn   | Place    | Note
-------+----------+-------------------------------------------
     0 | D:1      | MachJacob the Gargoyle Fighter began the quest for the Orb.
     0 | D:1      | Reached XP level 1. HP: 14/14 MP: 1/1
   250 | D:1      | Reached XP level 2. HP: 18/19 MP: 2/2
  1068 | D:2      | Reached XP level 3. HP: 23/23 MP: 3/3
  1672 | D:2      | Noticed Sigmund
  1690 | D:2      | Reached XP level 4. HP: 9/29 MP: 4/4
  1995 | D:1      | Slain by Sigmund

Skill      XL: |  1  2  3 |
---------------+----------+-----
Maces & Flails | 3 |  3.0
Fighting       | |  3.7
Armour         | |  3.7
Shields        | |  3.7

Action                   |  1- 3 |  4- 6 || total
-------------------------+-------+-------++-------
Melee: Flail             |   135 |     9 ||   144
  Use: Scroll            |     1 |     1 ||     2
  Eat: Chunk             |     2 |       ||     2
       Ration            |       |     1 ||     1
Armor: Scale mail        |    64 |     2 ||    66
Dodge: Dodged            |    43 |     2 ||    45
Block: Shield            |    54 |     3 ||    57
